| TOP OF THE 1ST |
|
Mahoning Valley Scrappers batting - Pitching for Aberdeen Ironbirds : RHP Jonathan Spicer
|
|
Pitching: RHP Jonathan Spicer
|
|
|
Batting: RHB Kenzo Shinoda
|
0-0: Called Strike 0-1: Ball 1-1: Ball 2-1: Ground out 6-3 (Groundball, 6, EV 106.9 MPH)
|
|
Batting: RHB John Bianconi
|
0-0: Called Strike 0-1: DOUBLE (Line Drive, 8RD, EV 104.4 MPH)
|
|
Batting: LHB Shane Montalvo
|
0-0: Called Strike 0-1: Ball 1-1: Ball 2-1: Ball 3-1: Base on Balls
|
|
Batting: LHB Jeff Palmowski
|
0-0: Called Strike John Bianconi steals 3rd base 0-1: Called Strike Shane Montalvo is caught stealing 2nd base 2-6 0-2: Ball 1-2: Ball 2-2: Foul Ball, location: 2F 2-2: Ball 3-2: Foul Ball, location: 2F 3-2: Strikes out swinging
|
| Top of the 1st over - 0 runs, 1 hit, 0 errors, 1 left on base; Mahoning Valley 0 - Aberdeen 0 |
| BOTTOM OF THE 1ST |
|
Aberdeen Ironbirds batting - Pitching for Mahoning Valley Scrappers : LHP Oscar Moreno
|
|
Pitching: LHP Oscar Moreno
|
|
|
Batting: RHB Matt O'Dea
|
0-0: Called Strike 0-1: Swinging Strike 0-2: Ball 1-2: Strikes out swinging
|
|
Batting: RHB Tony Godley
|
0-0: Ball 1-0: Ball 2-0: Ball 3-0: Base on Balls
|
|
Batting: LHB Miguel Medina
|
0-0: Ball 1-0: Ball Tony Godley is caught stealing 2nd base 2-6 2-0: Ball 3-0: Called Strike 3-1: Foul Ball, location: 2F 3-2: SINGLE (Groundball, 6D, EV 95.0 MPH)
|
|
Batting: RHB Daniel Jackson
|
0-0: Ball Pickoff Throw to First - Error! E1 Miguel Medina to second 1-0: Called Strike 1-1: Ball 2-1: Foul Ball, location: 2F 2-2: Fly out, F8 (Flyball, 8RXD, EV 104.4 MPH)
|
| Bottom of the 1st over - 0 runs, 1 hit, 1 error, 1 left on base; Mahoning Valley 0 - Aberdeen 0 |
| TOP OF THE 2ND |
|
Mahoning Valley Scrappers batting - Pitching for Aberdeen Ironbirds : RHP Jonathan Spicer
|
|
Batting: RHB Andy Lewis
|
0-0: Ball 1-0: SOLO HOME RUN (Flyball, 78XD, EV 103.1 MPH), Distance : 433 ft
|
|
Batting: RHB Ricky Cordova
|
0-0: Ball 1-0: Foul Ball, location: 2F 1-1: Foul Ball, location: 2F 1-2: Foul Ball, location: 2F 1-2: Ball 2-2: Foul Ball, location: 2F 2-2: Foul Ball, location: 2F 2-2: Foul Ball, location: 2F 2-2: Fly out, F8 (Flyball, 78M, EV 88.1 MPH)
|
|
Batting: LHB Esteban Cordova
|
0-0: Foul Ball, location: 2F 0-1: Ball 1-1: Fly out, F9 (Flyball, 89D, EV 90.0 MPH)
|
|
Batting: RHB Luis Roman
|
0-0: Ball 1-0: Called Strike 1-1: Foul Ball, location: 2F 1-2: Fly out, F7 (Flyball, 7D, EV 85.0 MPH)
|
| Top of the 2nd over - 1 run, 1 hit, 0 errors, 0 left on base; Mahoning Valley 1 - Aberdeen 0 |
| BOTTOM OF THE 2ND |
|
Aberdeen Ironbirds batting - Pitching for Mahoning Valley Scrappers : LHP Oscar Moreno
|
|
Batting: RHB Ray Sims
|
0-0: Called Strike 0-1: Ball 1-1: Ground out U3 (Groundball, 34S, EV 91.9 MPH)
|
|
Batting: RHB Matt Berrier
|
0-0: Called Strike 0-1: SINGLE (Line Drive, 34, EV 101.2 MPH)
|
|
Batting: LHB Tomas de Zeeuw
|
0-0: Foul Ball, location: 2F 0-1: SINGLE (Groundball, 4MD, EV 101.2 MPH) Matt Berrier to second Matt Berrier to third
|
|
Batting: LHB Shane Cruse
|
0-0: Called Strike 0-1: Called Strike Tomas de Zeeuw is caught stealing 2nd base 2-6 0-2: Ball 1-2: Foul Ball, location: 2F 1-2: Strikes out swinging
|
| Bottom of the 2nd over - 0 runs, 2 hits, 0 errors, 1 left on base; Mahoning Valley 1 - Aberdeen 0 |
| TOP OF THE 3RD |
|
Mahoning Valley Scrappers batting - Pitching for Aberdeen Ironbirds : RHP Jonathan Spicer
|
|
Batting: SHB Jay Rook
|
0-0: Ball 1-0: Ball 2-0: Foul Ball, location: 2F 2-1: Ball 3-1: Base on Balls
|
|
Batting: RHB Kenzo Shinoda
|
0-0: Ball 1-0: Called Strike 1-1: Ball 2-1: Ball 3-1: SINGLE (Groundball, 6MD, EV 94.4 MPH) Jay Rook to second
|
|
Batting: RHB John Bianconi
|
0-0: Called Strike 0-1: DOUBLE (Groundball, 5L, EV 110.0 MPH) Jay Rook scores Kenzo Shinoda to third
|
|
Batting: LHB Shane Montalvo
|
0-0: Foul Ball, location: 2F 0-1: SINGLE (Groundball, 3D, EV 93.8 MPH) Kenzo Shinoda scores John Bianconi to third
|
|
Batting: LHB Jeff Palmowski
|
0-0: Ball 1-0: Called Strike 1-1: Called Strike Shane Montalvo steals 2nd base 1-2: Foul Ball, location: 2F 1-2: Strikes out swinging
|
|
Batting: RHB Andy Lewis
|
0-0: Ground out 5-3 (Groundball, 56S, EV 86.9 MPH) John Bianconi scores
|
|
Batting: RHB Ricky Cordova
|
0-0: Ground out 6-3 (Groundball, 6, EV 87.5 MPH)
|
| Top of the 3rd over - 3 runs, 3 hits, 0 errors, 1 left on base; Mahoning Valley 4 - Aberdeen 0 |
| BOTTOM OF THE 3RD |
|
Aberdeen Ironbirds batting - Pitching for Mahoning Valley Scrappers : LHP Oscar Moreno
|
|
Batting: RHB Dave Perron
|
0-0: Ground out 5-3 (Groundball, 5, EV 83.1 MPH)
|
|
Batting: RHB Matt O'Dea
|
0-0: Ball 1-0: Called Strike 1-1: Foul Ball, location: 2F 1-2: SOLO HOME RUN (Flyball, 7LD, EV 93.1 MPH), Distance : 347 ft
|
|
Batting: RHB Tony Godley
|
0-0: Ball 1-0: Ball 2-0: Fly out, F7 (Flyball, 78M, EV 91.9 MPH)
|
|
Batting: LHB Miguel Medina
|
0-0: Called Strike 0-1: Foul Ball, location: 2F 0-2: Ball 1-2: Foul Ball, location: 2F 1-2: Strikes out swinging
|
| Bottom of the 3rd over - 1 run, 1 hit, 0 errors, 0 left on base; Mahoning Valley 4 - Aberdeen 1 |
| TOP OF THE 4TH |
|
Mahoning Valley Scrappers batting - Pitching for Aberdeen Ironbirds : RHP Jonathan Spicer
|
|
Batting: LHB Esteban Cordova
|
0-0: Ball 1-0: Ball 2-0: Ball 3-0: Base on Balls
|
|
Batting: RHB Luis Roman
|
0-0: Called Strike 0-1: Ball 1-1: Ball 2-1: Called Strike 2-2: Strikes out swinging
|
|
Batting: SHB Jay Rook
|
0-0: Foul Ball, location: 2F 0-1: Called Strike 0-2: Strikes out looking
|
|
Batting: RHB Kenzo Shinoda
|
0-0: Swinging Strike 0-1: Swinging Strike 0-2: Ball 1-2: Ground out 5-3 (Groundball, 5S, EV 80.0 MPH)
|
| Top of the 4th over - 0 runs, 0 hits, 0 errors, 1 left on base; Mahoning Valley 4 - Aberdeen 1 |
| BOTTOM OF THE 4TH |
|
Aberdeen Ironbirds batting - Pitching for Mahoning Valley Scrappers : LHP Oscar Moreno
|
|
Batting: RHB Daniel Jackson
|
0-0: Ball 1-0: Ball 2-0: Swinging Strike 2-1: Ball 3-1: Base on Balls
|
|
Batting: RHB Ray Sims
|
0-0: Called Strike 0-1: Ball 1-1: Ball 2-1: Foul Ball, location: 2F 2-2: Ground out 5-3 (Groundball, 5S, EV 65.6 MPH) Daniel Jackson to second
|
|
Batting: RHB Matt Berrier
|
0-0: Called Strike 0-1: Called Strike 0-2: Fly out, F4 (Line Drive, 4, EV 70.0 MPH)
|
|
Batting: LHB Tomas de Zeeuw
|
0-0: Ball 1-0: Called Strike 1-1: Ground out 3-1 (Groundball, 34S, EV 91.2 MPH)
|
| Bottom of the 4th over - 0 runs, 0 hits, 0 errors, 1 left on base; Mahoning Valley 4 - Aberdeen 1 |
| TOP OF THE 5TH |
|
Mahoning Valley Scrappers batting - Pitching for Aberdeen Ironbirds : RHP Jonathan Spicer
|
|
Batting: RHB John Bianconi
|
0-0: Called Strike 0-1: Foul Ball, location: 2F 0-2: Ball 1-2: Ball 2-2: Ball 3-2: Foul Ball, location: 2F 3-2: Foul Ball, location: 2F 3-2: Foul Ball, location: 2F 3-2: Foul Ball, location: 2F 3-2: Foul Ball, location: 2F 3-2: Foul Ball, location: 2F 3-2: Strikes out swinging
|
|
Pitching: RHP Michito Ito
|
|
|
Batting: LHB Shane Montalvo
|
0-0: Ball 1-0: Ball 2-0: Ball 3-0: Called Strike 3-1: Base on Balls
|
|
Batting: LHB Jeff Palmowski
|
0-0: Ball Shane Montalvo steals 2nd base 1-0: Intentional Walk
|
|
Batting: RHB Andy Lewis
|
0-0: Ball 1-0: Foul Ball, location: 2F 1-1: Ball 2-1: Fly out, F8 (Flyball, 89M, EV 92.5 MPH)
|
|
Batting: RHB Ricky Cordova
|
0-0: Called Strike 0-1: Called Strike 0-2: Ball 1-2: Strikes out swinging
|
| Top of the 5th over - 0 runs, 0 hits, 0 errors, 2 left on base; Mahoning Valley 4 - Aberdeen 1 |
| BOTTOM OF THE 5TH |
|
Aberdeen Ironbirds batting - Pitching for Mahoning Valley Scrappers : LHP Oscar Moreno
|
|
Batting: LHB Shane Cruse
|
0-0: Fly out, F4 (Line Drive, 4, EV 71.2 MPH)
|
|
Batting: RHB Dave Perron
|
0-0: Fly out, F7 (Flyball, 7LMF, EV 90.6 MPH)
|
|
Batting: RHB Matt O'Dea
|
0-0: Called Strike 0-1: Ball 1-1: Called Strike 1-2: Ball 2-2: Ball 3-2: Base on Balls
|
|
Batting: RHB Tony Godley
|
0-0: Ball 1-0: Foul Ball, location: 2F 1-1: Ball 2-1: SINGLE (Groundball, 6MD, EV 98.8 MPH) Matt O'Dea to second
|
|
Batting: LHB Miguel Medina
|
0-0: Ball 1-0: Called Strike 1-1: Swinging Strike 1-2: Ball 2-2: Foul Ball, location: 2F 2-2: Ball 3-2: Foul Ball, location: 2F 3-2: Base on Balls Matt O'Dea to third Tony Godley to second
|
|
Pitching: RHP Bill Snyder
|
|
|
Batting: RHB Daniel Jackson
|
0-0: Called Strike 0-1: Swinging Strike 0-2: Ball 1-2: Ball 2-2: SINGLE (Line Drive, 9S, EV 96.9 MPH) Matt O'Dea scores Tony Godley to third Miguel Medina to second Runner from 3rd tries for Home, SAFE, throw by RF to home
|
|
Batting: RHB Ray Sims
|
0-0: SINGLE (Flyball, 34D, EV 94.4 MPH) Miguel Medina to third Daniel Jackson to second Runner from 3rd tries for Home, SAFE, throw by RF to home Daniel Jackson to third Ray Sims to second
|
|
Pinch Hitting: RHB Mike Zepeda
|
0-0: Foul Ball, location: 2F 0-1: Ball 1-1: Called Strike 1-2: Foul Ball, location: 2F 1-2: Ball 2-2: Ball 3-2: Base on Balls
|
|
Batting: LHB Tomas de Zeeuw
|
0-0: SINGLE (Groundball, 4MD, EV 103.8 MPH) Daniel Jackson scores Ray Sims to third Mike Zepeda to second Runner from 3rd tries for Home, SAFE, throw by CF to home
|
|
Batting: LHB Shane Cruse
|
0-0: Called Strike 0-1: Foul Ball, location: 2F 0-2: Ball 1-2: Ball 2-2: Foul Ball, location: 2F 2-2: Ball 3-2: Base on Balls Mike Zepeda to third Tomas de Zeeuw to second
|
|
Pitching: RHP Ian Nordquist
|
|
|
Batting: RHB Dave Perron
|
0-0: Fly out, F8 (Flyball, 78D, EV 76.9 MPH)
|
| Bottom of the 5th over - 5 runs, 4 hits, 0 errors, 3 left on base; Mahoning Valley 4 - Aberdeen 6 |
| TOP OF THE 6TH |
|
Mahoning Valley Scrappers batting - Pitching for Aberdeen Ironbirds : RHP Michito Ito
|
|
Now at 2B: Jeremy Sipe
|
|
|
Batting: LHB Esteban Cordova
|
0-0: Ball 1-0: Ball 2-0: Ball 3-0: Base on Balls
|
|
Batting: RHB Luis Roman
|
0-0: Ball 1-0: Ball 2-0: Ball 3-0: Swinging Strike 3-1: Foul Ball, location: 2F 3-2: Foul Ball, location: 2F 3-2: Strikes out swinging
|
|
Batting: SHB Jay Rook
|
0-0: Ball Wild Pitch! Esteban Cordova to second 1-0: Ball 2-0: Called Strike 2-1: Ground out 4-3 (Groundball, 4, EV 95.0 MPH) Esteban Cordova to third
|
|
Pinch Hitting: LHB John Holst
|
0-0: Ball 1-0: Ball 2-0: Ball 3-0: Called Strike 3-1: Called Strike 3-2: Base on Balls
|
|
Batting: RHB John Bianconi
|
0-0: Ball 1-0: Ground out 1-3 (Groundball, 23, EV 71.9 MPH)
|
| Top of the 6th over - 0 runs, 0 hits, 0 errors, 2 left on base; Mahoning Valley 4 - Aberdeen 6 |
| BOTTOM OF THE 6TH |
|
Aberdeen Ironbirds batting - Pitching for Mahoning Valley Scrappers : RHP Ian Nordquist
|
|
Now in CF: Ighlas Mwara
|
|
|
Batting: RHB Matt O'Dea
|
0-0: Called Strike 0-1: Foul Ball, location: 2F 0-2: SINGLE (Groundball, 56D, EV 99.4 MPH)
|
|
Batting: RHB Tony Godley
|
0-0: Called Strike 0-1: Grounds into double play, 5-4-3 (Groundball, 56, EV 106.9 MPH)
|
|
Batting: LHB Miguel Medina
|
0-0: Swinging Strike 0-1: Ball 1-1: SOLO HOME RUN (Flyball, 89XD, EV 102.5 MPH), Distance : 423 ft
|
|
Batting: RHB Daniel Jackson
|
0-0: Ball 1-0: SINGLE (Groundball, 34D, EV 103.1 MPH)
|
|
Batting: RHB Ray Sims
|
0-0: Ball Daniel Jackson steals 2nd base 1-0: Ball 2-0: SINGLE (Groundball, 6MD, EV 108.8 MPH) Daniel Jackson to third Runner from 3rd tries for Home, SAFE, throw by CF to home Ray Sims to second
|
|
Batting: RHB Jeremy Sipe
|
0-0: Ball 1-0: Ball 2-0: Ball 3-0: Base on Balls
|
|
Pitching: RHP Chris Cohen
|
|
|
Batting: LHB Tomas de Zeeuw
|
0-0: SINGLE (Groundball, 25, EV 69.4 MPH) (infield hit) Ray Sims to third Jeremy Sipe to second
|
|
Batting: LHB Shane Cruse
|
0-0: Fly out, F7 (Flyball, 78S, EV 86.2 MPH)
|
| Bottom of the 6th over - 2 runs, 5 hits, 0 errors, 3 left on base; Mahoning Valley 4 - Aberdeen 8 |
| TOP OF THE 7TH |
|
Mahoning Valley Scrappers batting - Pitching for Aberdeen Ironbirds : RHP Michito Ito
|
|
Pitching: RHP Jon Grason
|
|
|
Now in RF: Ben Sutton
|
|
|
Batting: LHB Shane Montalvo
|
0-0: Ball 1-0: Called Strike 1-1: Foul Ball, location: 2F 1-2: Ball 2-2: Fly out, F3 (Line Drive, 3, EV 70.6 MPH)
|
|
Batting: LHB Jeff Palmowski
|
0-0: Foul Ball, location: 2F 0-1: Called Strike 0-2: Foul Ball, location: 2F 0-2: Strikes out swinging
|
|
Batting: RHB Andy Lewis
|
0-0: Ground out 4-3 (Groundball, 4, EV 104.4 MPH)
|
| Top of the 7th over - 0 runs, 0 hits, 0 errors, 0 left on base; Mahoning Valley 4 - Aberdeen 8 |
| BOTTOM OF THE 7TH |
|
Aberdeen Ironbirds batting - Pitching for Mahoning Valley Scrappers : RHP Chris Cohen
|
|
Batting: RHB Dave Perron
|
0-0: Called Strike 0-1: Ball 1-1: Ball 2-1: Swinging Strike 2-2: Fly out, F9 (Flyball, 9S, EV 83.8 MPH)
|
|
Batting: RHB Matt O'Dea
|
0-0: Ball 1-0: Foul Ball, location: 2F 1-1: Foul Ball, location: 2F 1-2: Ground out 6-3 (Groundball, 6, EV 77.5 MPH)
|
|
Batting: RHB Tony Godley
|
0-0: Ball 1-0: Ground out 6-3 (Groundball, 6, EV 81.9 MPH)
|
| Bottom of the 7th over - 0 runs, 0 hits, 0 errors, 0 left on base; Mahoning Valley 4 - Aberdeen 8 |
| TOP OF THE 8TH |
|
Mahoning Valley Scrappers batting - Pitching for Aberdeen Ironbirds : RHP Jon Grason
|
|
Batting: RHB Ricky Cordova
|
0-0: Called Strike 0-1: Swinging Strike 0-2: Ball 1-2: Ball 2-2: Foul Ball, location: 2F 2-2: Ball 3-2: Ground out 6-3 (Groundball, 6, EV 76.2 MPH)
|
|
Batting: LHB Esteban Cordova
|
0-0: Foul Ball, location: 2F 0-1: Foul Ball, location: 2F 0-2: Foul Ball, location: 2F 0-2: Ball 1-2: Strikes out swinging
|
|
Batting: RHB Luis Roman
|
0-0: Ball 1-0: DOUBLE (Line Drive, 9LM, EV 110.6 MPH)
|
|
Batting: SHB Jay Rook
|
0-0: Foul Ball, location: 2F 0-1: Swinging Strike 0-2: Foul Ball, location: 2F 0-2: Foul Ball, location: 2F 0-2: Ball 1-2: Strikes out looking
|
| Top of the 8th over - 0 runs, 1 hit, 0 errors, 1 left on base; Mahoning Valley 4 - Aberdeen 8 |
| BOTTOM OF THE 8TH |
|
Aberdeen Ironbirds batting - Pitching for Mahoning Valley Scrappers : RHP Chris Cohen
|
|
Batting: LHB Miguel Medina
|
0-0: Called Strike 0-1: Ball 1-1: Hit by Pitch
|
|
Batting: RHB Daniel Jackson
|
0-0: SINGLE (Line Drive, 34D, EV 106.2 MPH) Miguel Medina to second
|
|
Batting: RHB Ray Sims
|
0-0: Called Strike 0-1: Fly out, F8 (Flyball, 8LD, EV 106.9 MPH)
|
|
Batting: RHB Jeremy Sipe
|
0-0: Ball 1-0: Foul Ball, location: 2F 1-1: Foul Ball, location: 2F 1-2: SINGLE (Groundball, 6MD, EV 101.9 MPH) Miguel Medina to third Daniel Jackson to second Runner from 3rd tries for Home, SAFE, throw by CF to home Daniel Jackson to third Jeremy Sipe to second
|
|
Batting: RHB Ben Sutton
|
0-0: Ball 1-0: Swinging Strike 1-1: Swinging Strike 1-2: Strikes out swinging
|
|
Batting: LHB Shane Cruse
|
0-0: Ball 1-0: Ball 2-0: Called Strike 2-1: SINGLE (Groundball, 34D, EV 109.4 MPH) Daniel Jackson scores Jeremy Sipe to third Throwing error, E9 Jeremy Sipe scores Shane Cruse to second
|
|
Batting: RHB Dave Perron
|
0-0: Ball Wild Pitch! Shane Cruse to third 1-0: Ground out U3 (Groundball, 34, EV 86.9 MPH)
|
| Bottom of the 8th over - 3 runs, 3 hits, 1 error, 1 left on base; Mahoning Valley 4 - Aberdeen 11 |
| TOP OF THE 9TH |
|
Mahoning Valley Scrappers batting - Pitching for Aberdeen Ironbirds : RHP Jon Grason
|
|
Pinch Hitting: LHB Chris Morgan
|
0-0: Called Strike 0-1: Swinging Strike 0-2: Strikes out looking
|
|
Batting: RHB John Bianconi
|
0-0: Ball 1-0: Ball 2-0: Ball 3-0: Base on Balls
|
|
Batting: LHB Shane Montalvo
|
0-0: Grounds into double play, 4-6-3 (Groundball, 4M, EV 81.9 MPH)
|
| Top of the 9th over - 0 runs, 0 hits, 0 errors, 0 left on base; Mahoning Valley 4 - Aberdeen 11 |
|